 Dungeon Crawl Stone Soup version 0.20.0-15-g7f486f2 (webtiles) character file.

207 Cral the Changer (level 5, -6/46 HPs)
             Began as a Troll Transmuter on June 26, 2017.
             Killed from afar by an orc wizard (7 damage)
             ... with a puff of flame
             ... on level 4 of the Dungeon.
             The game lasted 00:02:34 (2254 turns).

Cral the Changer (Troll Transmuter)                 Turns: 2254, Time: 00:02:35

Health: -6/46      AC:  5    Str: 19    XL:     5   Next: 54%
Magic:  4/5        EV: 10    Int:  9    God:
Gold:   178        SH:  0    Dex: 10    Spells: 5/6 levels left

rFire    . . .     SeeInvis .     - Unarmed
rCold    . . .     Gourm    +   (no shield)
rNeg     . . .     Faith    .   b - +0 robe
rPois    .         Spirit   .   (helmet restricted)
rElec    .         Reflect  .   (no cloak)
rCorr    +         Harm     +   (gloves unavailable)
MR       .....                  (boots unavailable)
Stlth    +.........             t - amulet of harm
Regen    0.6/turn               w - ring of resist corrosion
MPRegen  0.1/turn               u - ring of flight

@: appendage
A: unfitting armour, claws 3, horns 2, fast metabolism 3, gourmand, regeneration
1, shaggy fur 1, tough skin 2
a: End Transformation, Evoke Flight


You were on level 4 of the Dungeon.
You were very full.
You had grown temporary horns.
You visited 1 branch of the dungeon, and saw 4 of its levels.

You collected 178 gold pieces.

Inventory:

Missiles
 a - 53 arrows
Armour
 b - a +0 robe (worn)
Jewellery
 f - an uncursed amulet of rage
 m - an uncursed amulet of regeneration
 t - an amulet of harm (around neck)
 u - a ring of flight (right claw)
 w - a ring of resist corrosion (left claw)
Wands
 s - a wand of digging (12/24)
 v - a wand of acid (3/15)
Scrolls
 e - 2 scrolls of enchant weapon {unknown}
 i - 4 scrolls of identify {unknown}
 l - a scroll of random uselessness {unknown}
 n - 2 scrolls of recharging {unknown}
 o - a scroll of enchant armour {unknown}
 p - a scroll of blinking {unknown}
 r - 3 scrolls of teleportation {unknown}
Potions
 g - a potion of mutation {unknown}
 h - 2 potions of heal wounds {unknown}
 k - 4 potions of curing {unknown}
 q - a potion of agility {unknown}
Books
 c - a book of Changes

   Spells                             Type                      Level
   a - Beastly Appendage              Transmutation                1
   b - Sticks to Snakes               Transmutation                2
   c - Spider Form                    Transmutation/Poison         3
   d - Ice Form                       Ice/Transmutation            4
   e - Blade Hands                    Transmutation                5
Comestibles
 d - 5 bread rations
 j - 4 royal jellies


   Skills:
 - Level 0.7 Fighting
 - Level 1.5 Dodging
 - Level 3.0 Unarmed Combat
 - Level 1.2 Spellcasting
 + Level 4.4 Transmutations


You had 5 spell levels left.
You knew the following spells:

 Your Spells              Type           Power        Failure   Level  Hunger
a - Beastly Appendage     Tmut           #.....       6%          1    ##.....


Dungeon Overview and Level Annotations

Branches:
Dungeon (4/15)
 Temple: D:4-7

Altars:
Dithmenos
Fedhas
Makhleb
The Shining One


Innate Abilities, Weirdness & Mutations

You are too large for most types of armour.
You have claws for hands.
Your metabolism is lightning-fast.
You like to eat raw meat.
Your natural rate of healing is unusually fast.
You are covered in fur. (AC +1)
You have very tough skin. (AC +2)
You have a pair of horns on your head.


Message History

Something tries to affect you, but you resist.
The orc priest mumbles some strange prayers to Beogh against you.
You closely miss something. Something hits you but does no damage.
You closely miss something.
You hear some strange, mumbled words.
A magic dart appears from out of thin air!
The magic dart hits you!
You miss something.
The orc shouts!
Your headbutt misses something.
The orc priest calls down the wrath of Beogh upon you.
Beogh smites you!
* * * LOW HITPOINT WARNING * * *
Something hits you.
* * * LOW HITPOINT WARNING * * *
The orc priest begins to cast a cantrip, but forgets the words!
You hear some strange, mumbled words.
A puff of flame appears from out of thin air!
The puff of flame hits you!
You die...

#.# #.# #.# #.#
#.# #.# #.#
###############.#
........@.>.....#
####.#.##.######
#{#### #o# #o###
##!..# #..o.#
......_.......#
####....####o.#


You could see an orc priest and an orc.

Vanquished Creatures
  An orc priest (D:3)
  Jessica (D:3)
  Terence (D:2)
  An orc wizard (D:3)
  2 adders (D:2)
  An ooze (D:2)
  3 dart slugs
  3 leopard geckos
  6 orcs (D:3)
  3 ball pythons
  2 giant cockroaches (D:1)
  15 goblins
  4 hobgoblins
  5 bats
  2 frilled lizards (D:2)
  8 kobolds
  4 rats
62 creatures vanquished.

Notes
Turn   | Place    | Note
-------+----------+-------------------------------------------
     0 | D:1      | Cral the Troll Transmuter began the quest for the Orb.
     0 | D:1      | Reached XP level 1. HP: 18/18 MP: 1/1
   192 | D:1      | Reached skill level 2 in Transmutations
   200 | D:1      | Reached XP level 2. HP: 26/26 MP: 2/2
   628 | D:1      | Reached XP level 3. HP: 29/32 MP: 3/3
  1133 | D:2      | Reached skill level 3 in Transmutations
  1299 | D:2      | Noticed Terence
  1313 | D:2      | Killed Terence
  1313 | D:2      | Reached XP level 4. HP: 22/40 MP: 2/4
  1598 | D:3      | Found a blossoming altar of Fedhas.
  1659 | D:3      | Found a glowing golden altar of the Shining One.
  1822 | D:3      | Noticed Jessica
  1845 | D:3      | Killed Jessica
  1850 | D:3      | Reached XP level 5. HP: 17/46 MP: 5/5
  1857 | D:3      | Reached skill level 4 in Transmutations
  1926 | D:3      | Found a shadowy altar of Dithmenos.
  2216 | D:4      | Found a burning altar of Makhleb.
  2253 | D:4      | HP: 1/46 [something (2)]
  2254 | D:4      | Killed from afar by an orc wizard

Skill      XL: |  1  2  3  4  5 |
---------------+----------------+-----
Transmutations | 2 3 4 |  4.4
Fighting       | |  0.7
Dodging        | |  1.5
Unarmed Combat | |  3.0
Spellcasting   | |  1.2

Action                   |  1- 3 |  4- 6 || total
-------------------------+-------+-------++-------
Melee: Unarmed           |   118 |    69 ||   187
       Punch             |     1 |     1 ||     2
       Headbutt          |     1 |     1 ||     2
       Kick              |       |     3 ||     3
 Cast: Beastly Appendage |     1 |     4 ||     5
  Eat: Chunk             |    14 |    10 ||    24
Armor: Robe              |    32 |    24 ||    56
Dodge: Dodged            |    54 |    34 ||    88
